 Dungeon Crawl Stone Soup version 0.20.1-1-g8b1a95d (webtiles) character file.

87 vatarom the Chopper (level 4, -1/35 HPs)
             Began as a Demonspawn Chaos Knight on Sept 1, 2017.
             Slain by an iguana (10 damage)
             ... on level 2 of the Dungeon.
             The game lasted 00:02:48 (1210 turns).

vatarom the Chopper (Demonspawn Chaos Knight)       Turns: 1210, Time: 00:02:49

Health: -1/35      AC:  5    Str: 17    XL:     4   Next: 28%
Magic:  4/4        EV: 11    Int: 15    God:    Xom [....*.]
Gold:   135        SH:  0    Dex: 12    Spells: 3/3 levels left

rFire    . . .     SeeInvis .   a - +0 hand axe (chaos)
rCold    . . .     Gourm    .   (no shield)
rNeg     . . .     Faith    .   b - +2 leather armour
rPois    .         Spirit   .   (helmet restricted)
rElec    .         Reflect  .   (no cloak)
rCorr    .         Harm     .   (no gloves)
MR       .....                  (no boots)
Stlth    +.........             (no amulet)
Regen    0.2/turn               (no ring)
MPRegen  0.1/turn               (no ring)

@: mighty
A: antennae 2
a: Renounce Religion


You were on level 2 of the Dungeon.
You worshipped Xom.
You were a beloved toy of Xom.
You were not hungry.

You visited 1 branch of the dungeon, and saw 2 of its levels.

You collected 135 gold pieces.

Inventory:

Hand Weapons
 a - a +0 hand axe of chaos (weapon)
Armour
 b - a +2 leather armour (worn)
Scrolls
 g - 4 scrolls of identify
Comestibles
 c - 5 bread rations
 d - 2 meat rations
 h - 2 royal jellies
 i - a fruit


   Skills:
 - Level 3.0 Fighting
 + Level 4.6 Axes
 - Level 1.7 Armour
 - Level 0.8 Dodging


You had 3 spell levels left.
You didn't know any spells.

Dungeon Overview and Level Annotations

Branches:
Dungeon (2/15)

Altars:


Innate Abilities, Weirdness & Mutations

You have a pair of antennae on your head.


Message History

The iguana is moderately wounded.
The iguana bites you but does no damage.
You barely miss the iguana.
The iguana is moderately wounded.
The iguana closely misses you.
You hit the iguana but do no damage.
The iguana is moderately wounded.
The iguana bites you!
You hit the iguana.
The iguana is poisoned.
The iguana is moderately wounded.
The iguana closely misses you.
You barely miss the iguana.
The iguana is heavily wounded.
The iguana bites you!
* * * LOW HITPOINT WARNING * * *
It was a potion of might.
You feel very mighty all of a sudden.
Xom roars with laughter!
The iguana bites you!
You die...

.# J #.# # #.# #. #.#
##.#### #.#### #.....#
#..... ###....)#
########.....
........#
.............
#...l@###########.....
#..........# #.....
##.#######.# #.#.## #
#.######.#..)
#.##.....####
#.##.##### #.##.#
#.##.# #.##.#


You could see an iguana.

Vanquished Creatures
  Robin (D:2)
  3 adders (D:2)
  An ooze (D:1)
  A dart slug (D:2)
  7 bats (D:1)
  2 giant cockroaches (D:1)
  10 goblins
  4 hobgoblins
  A ball python (D:1)
  2 frilled lizards (D:1)
  6 kobolds (D:1)
  5 rats
43 creatures vanquished.

Vanquished Creatures (others)
  A giant cockroach (D:1)
  A rat (D:1)
2 creatures vanquished.

Grand Total: 45 creatures vanquished

Notes
Turn   | Place    | Note
-------+----------+-------------------------------------------
     0 | D:1      | vatarom the Demonspawn Chaos Knight began the quest for the Orb.
     0 | D:1      | Reached XP level 1. HP: 18/18 MP: 1/1
     3 | D:1      | XOM: divination: magic mapping
    21 | D:1      | Reached skill level 3 in Axes
    91 | D:1      | Gained mutation: You have a pair of small antennae on your head. [demonic ancestry]
    91 | D:1      | Reached XP level 2. HP: 22/24 MP: 2/2
   186 | D:1      | XOM: harmless Conj miscast
   223 | D:1      | XOM: mild Pois miscast
   395 | D:1      | Reached XP level 3. HP: 21/29 MP: 3/3
   400 | D:1      | XOM: mild Ice miscast
   605 | D:2      | Reached skill level 4 in Axes
   681 | D:2      | Noticed Robin
   683 | D:2      | XOM: divination: detect creatures
   693 | D:2      | Killed Robin
   713 | D:2      | Gained mutation: You have a pair of antennae on your head. [demonic ancestry]
   713 | D:2      | Reached XP level 4. HP: 17/35 MP: 4/4
  1200 | D:2      | XOM: polymorph bat -> iguana
  1210 | D:2      | Slain by an iguana

Skill      XL: |  1  2  3 |
---------------+----------+-----
Axes           | 3 4 |  4.6
Fighting       | |  3.0
Armour         | |  1.7
Dodging        | |  0.8

Action                   |  1- 3 |  4- 6 || total
-------------------------+-------+-------++-------
Melee: Hand axe          |   107 |    45 ||   152
  Use: Scroll            |     3 |       ||     3
       Potion            |       |     1 ||     1
 Stab: Confused          |     1 |       ||     1
  Eat: Chunk             |       |     1 ||     1
Armor: Leather armour    |    47 |    13 ||    60
Dodge: Dodged            |    47 |    23 ||    70
